 Dungeon Crawl Stone Soup version 0.22-a0-580-gd5db89c (webtiles) character file.

1 Amnesiac the Digger (level 1, 0/13 HPs)
             Began as a Formicid Earth Elementalist on July 2, 2018.
             Slain by a bat (1 damage)
             ... on level 1 of the Dungeon.
             The game lasted 00:00:16 (53 turns).

Amnesiac the Digger (Formicid Earth Elementalist)     Turns: 53, Time: 00:00:17

Health: 0/13       AC:  2    Str: 12    XL:     1   Next: 22%
Magic:  0/3        EV: 12    Int: 14    God:
Gold:   0          SH:  0    Dex: 11    Spells: 3/4 levels left

rFire    . . .     SeeInvis +   (no weapon)
rCold    . . .     Gourm    .   (no shield)
rNeg     . . .     Faith    .   c - +0 robe
rPois    .         Spirit   .   (helmet unavailable)
rElec    .         Reflect  .   (no cloak)
rCorr    .         Harm     .   (no gloves)
MR       .....                  (no boots)
Stlth    ++........             (no amulet)
HPRegen  0.04/turn              (no ring)
MPRegen  0.08/turn              (no ring)

@: very slightly contaminated
A: permanent stasis, dig shafts and tunnels, four strong arms, antennae 3
a: Dig, Shaft Self


You were on level 1 of the Dungeon.
You were not hungry.

You visited 1 branch of the dungeon, and saw 1 of its levels.

Inventory:

Missiles
 b - 36 stones (quivered)
Armour
 c - a +0 robe (worn)
Scrolls
 a - a scroll of blinking {!r, unknown}
Comestibles
 d - a ration


   Skills:
 - Level 1.7 Dodging
 + Level 2.6 Stealth
 - Level 2.1 Spellcasting
   Level 1.1 Transmutations
 - Level 3.6 Earth Magic


You had 3 spell levels left.
You knew the following spells:

 Your Spells              Type           Power        Failure   Level  Hunger
a - Sandblast             Erth           ##....       5%          1    #......

Your spell library contained the following spells:

 Spells                   Type           Power        Failure   Level  Hunger
 Stone Arrow              Conj/Erth      #.....       32%         3    ###....
 Passwall                 Tmut/Erth      #.......     14%         2    ###....
 Lee's Rapid Deconstruct  Erth           ##........   82%         5    ######.
 Petrify                  Tmut/Erth      #.......     65%         4    #####..


Dungeon Overview and Level Annotations

Branches:
Dungeon (1/15)

Altars:


Innate Abilities, Weirdness & Mutations

You cannot be hasted, slowed, berserked, paralysed or teleported.
You can dig through walls and to a lower floor.
Your four strong arms can wield two-handed weapons with a shield.
You have a pair of large antennae on your head. (SInv)


Message History

The giant cockroach barely misses you. The kobold hits you but does no damage.
You barely miss the kobold. The bat closely misses you.
The giant cockroach barely misses you. The kobold barely misses you.
The giant cockroach barely misses you.
You miss the kobold. The bat barely misses you.
The giant cockroach bites you but does no damage.
The kobold hits you but does no damage.
You hit the kobold but do no damage. The bat hits you.
The bat barely misses you. The giant cockroach barely misses you.
The kobold hits you.
* * * LOW HITPOINT WARNING * * *
You miss the kobold. The bat closely misses you. The giant cockroach bites you.
* * * LOW HITPOINT WARNING * * *
The kobold hits you.
* * * LOW HITPOINT WARNING * * *
You are too injured to fight recklessly!
You are too injured to fight recklessly!
You are too injured to fight recklessly!
You are too injured to fight recklessly!
You are too injured to fight recklessly!
You are too injured to fight recklessly!
The bat misses you. The bat hits you but does no damage.
The giant cockroach closely misses you.
You open the door. The bat misses you. The giant cockroach bites you.
* * * LOW HITPOINT WARNING * * *
The bat completely misses you.
There is an open door here.
The bat hits you.
* * * LOW HITPOINT WARNING * * *
The giant cockroach misses you.
Found a ring mail.
Casting: Sandblast (safe; 5% risk of failure)
Confirm with . or Enter, or press ? or * to list all spells.
Aiming: Sandblast (safe; 5% risk of failure)
Press: ? - help, Shift-Dir - straight line, f/p - bat
Aim: a bat The blast of sand hits the giant cockroach.
b - 37 stones The giant cockroach barely misses you.
Unknown command.
Casting: Sandblast (safe; 5% risk of failure)
Confirm with . or Enter, or press ? or * to list all spells.
Aiming: Sandblast (safe; 5% risk of failure)
Press: ? - help, Shift-Dir - straight line, f/p - bat
Aim: a bat The blast of sand hits the giant cockroach.
The giant cockroach is almost dead.
b - 36 stones The giant cockroach bites you but does no damage.
Unknown command.
You closely miss the giant cockroach.
The giant cockroach is almost dead.
The giant cockroach closely misses you.
You barely miss the giant cockroach.
The giant cockroach is almost dead.
The giant cockroach bites you but does no damage. x2
You hit the giant cockroach.
You kill the giant cockroach!
The bat closely misses you. The bat hits you.
* * * LOW HITPOINT WARNING * * *
You closely miss the bat. The bat misses you. The bat barely misses you.
You closely miss the bat. The bat hits you.
You die...

### .[# ... #.# ...? #..
..... #.# #########
..... #.#.#≈≈≈≈≈≈≈#
.....###+##@#.#≈≈≈.≈≈≈##
..........#b#.≈≈≈......#
..........#K#.≈≈≈......#
.....)....#.#.≈≈≈......#
#####.....#.#.≈≈≈...<..#
#....K'.#.≈≈≈......#
#.....###.≈≈≈≈.....#
#..!..###.≈≈≈≈≈....#
#.........#≈≈≈≈≈...#


You could see a bat and a kobold.

Vanquished Creatures
  A giant cockroach (D:1)
1 creature vanquished.

Notes
Turn   | Place    | Note
-------+----------+-------------------------------------------
     0 | D:1      | Amnesiac the Formicid Earth Elementalist began the quest for the Orb.
     0 | D:1      | Reached XP level 1. HP: 13/13 MP: 3/3
    53 | D:1      | Slain by a bat

Vault maps used:
D:1:      dpeg_arrival_pond, minmay_misc_feat_encased

Action                   || total
-------------------------++-------
Melee: Unarmed           ||    14
 Cast: Sandblast         ||     3
Armor: Robe              ||     9
Dodge: Dodged            ||    37

Table legend:
 A = Spawn XP
 B = Non-spawn XP
 C = Spawn XP percentage of total XP
 D = Spawn monster count
 E = Non-spawn monster count
 F = Spawn count percentage of total count
 G = Total turns spent on level
                    A         B        C        D         E        F      G
               +---------+---------+-------+---------+---------+-------+---------
         Total |       0 |       2 |   0.0 |       0 |       1 |   0.0 |    53
               +---------+---------+-------+---------+---------+-------+---------
           D:1 |       0 |       2 |   0.0 |       0 |       1 |   0.0 |    53
               +---------+---------+-------+---------+---------+-------+---------
